AoeStats
← hasanceylan256

Migration

509591418Analyzed
1v1 RM · 3d ago on Sep 27, 2026· 92m 51s· 2 players
Game mode
Random Map
Map size
132×132
Population
200
Speed
Normal
Resources
Standard
Victory
Conquest
Starting age
Dark Age
Ending age
Imperial Age
RankedLock teamsTeams togetherTeam positionsShared explorationLock speedFull tech treeHidden civsTurbo modeCheats
Victory
Defeat
🇨🇱 Portuguese · Chile
688
+16
🇹🇷 Spanish · Türkiye
685
-16
hasanceylan256
12:19 Feudal Age
12:57 Double-Bit Axe
13:52 Wheelbarrow
13:07 Town Watch
13:17 Gold Mining
16:40 Stone Mining
20:50 Castle Age
26:24 Bow Saw
28:40 Town Patrol
30:26 Husbandry
34:32 Hand Cart
40:18 Imperial Age
41:24 Conscription
40:41 Elite Conquistador
41:00 Capped Ram
42:41 Hoardings
43:38 Two-Man Saw
43:02 Siphons
44:07 Chemistry
43:40 Ballistics
44:09 Demolition Ship
45:05 Elite Cannon Galleon
45:06 Heavy Demolition Ship
51:34 Bombard Tower
51:42 Horse Collar
52:37 Padded Archer Armor
52:28 Fletching
55:21 Supremacy
58:12 Leather Archer Armor
57:52 Bodkin Arrow
61:20 Bracer
61:50 Ring Archer Armor
81:46 Herbal Medicine
82:27 Theocracy
82:29 Illumination
83:56 Block Printing
84:32 Theocracy
89:53 Redemption
Tony
0:51 Loom
11:15 Feudal Age
13:20 Wheelbarrow
12:37 Double-Bit Axe
12:59 Horse Collar
15:33 Fishing Lines
19:18 Town Watch
19:44 Stone Mining
20:10 Gold Mining
25:41 Castle Age
27:13 Hand Cart
30:04 Imperial Age
27:37 Town Patrol
27:51 Bow Saw
27:45 Heavy Plow
28:24 Stone Shaft Mining
32:58 Coinage
35:05 Treadmill Crane
35:21 Fletching
36:57 Medium Warships
38:47 Bodkin Arrow
39:20 Heavy Warships
38:17 Elite Caravel
40:06 Chemistry
39:17 Clinker Construction
39:14 Siphons
39:27 Careening
43:06 Two-Man Saw
42:43 Crop Rotation
42:51 Banking
42:32 Guilds
42:23 Caravan
42:28 Bracer
42:29 Scale Mail Armor
42:41 Forging
42:35 Circumnavigation
42:00 Elite Cannon Galleon
45:25 Bombard Tower
45:27 Carvel Hull
45:28 Dry Dock
45:21 Fortified Wall
45:08 Murder Holes
46:57 Masonry
47:08 Ballistics
46:39 Heated Shot
46:56 Siege Engineers
47:20 Chain Mail Armor
51:11 Padded Archer Armor
51:42 Plate Mail Armor
51:48 Iron Casting
51:19 Scale Barding Armor
51:39 Conscription
50:49 Sappers
50:40 Elite Organ Gun
53:32 Leather Archer Armor
53:52 Architecture
53:14 Guard Tower
53:29 Gillnets
53:44 Arquebus
66:01 Keep
66:01 Ring Archer Armor
66:32 Blast Furnace
65:53 Chain Barding Armor
72:13 Plate Barding Armor
72:15 Heresy
71:56 Devotion
86:14 Spies/Treason
Connection lost

Rejoining the realm…

Still unreachable

The connection could not be restored.

Session expired

The server has moved on; the page needs a fresh start.